 Dungeon Crawl Stone Soup version 0.25.1-11-g244df3a29b (webtiles) character file.

Game seed: 4035583362690826387

40 Sabo the Skirmisher (level 3, 29/29 HPs)
             Began as a Demonspawn Fighter on Dec 13, 2020.
             Got out of the dungeon alive.
             The game lasted 00:05:55 (1146 turns).

Sabo the Skirmisher (Demonspawn Fighter)            Turns: 1146, Time: 00:05:56

Health: 29/29      AC:  7    Str: 16    XL:     3   Next: 30%
Magic:  3/3        EV:  7    Int:  9    God:
Gold:   18         SH:  9    Dex: 13    Spells: 2/2 levels left

rFire    . . .     SeeInvis .   a - +0 war axe
rCold    . . .     Gourm    .   c - +0 kite shield
rNeg     . . .     Faith    .   b - +0 scale mail
rPois    .         Spirit   +   (no helmet)
rElec    .         Reflect  .   (no cloak)
rCorr    .         Harm     .   o - +0 pair of gloves
MR       .....                  (no boots)
Stlth    ..........             (no amulet)
HPRegen  0.09/turn              (no ring)
MPRegen  0.08/turn              (no ring)

@: no status effects
A: magic shield, sturdy frame 1
a: no special abilities


You escaped.
You were hungry.

You visited 1 branch of the dungeon, and saw 1 of its levels.

You collected 18 gold pieces.

Inventory:

Hand Weapons
 a - a +0 war axe (weapon)
Missiles
 i - 19 arrows
Armour
 b - a +0 scale mail (worn)
 c - a +0 kite shield (worn)
 o - a +0 pair of gloves (worn)
Jewellery
 n - a cursed amulet of inaccuracy {unknown}
Scrolls
 g - a scroll of identify {unknown}
 j - a scroll of teleportation {unknown}
 k - 3 scrolls of enchant armour {unknown}
 m - a scroll of remove curse {unknown}
Potions
 d - a potion of might
 e - 2 potions of heal wounds {unknown}
 h - a potion of mutation {unknown}
 l - a potion of curing {unknown}
Comestibles
 f - 2 rations
 p - a chunk of flesh


   Skills:
 + Level 3.5 Fighting
 + Level 2.2 Axes
 + Level 2.9 Armour
 + Level 0.2 Dodging
 + Level 3.0 Shields


You had 2 spell levels left.
You didn't know any spells.
Your spell library was empty.

Dungeon Overview and Level Annotations

Branches:
Dungeon (1/15)

Altars:


Innate Abilities, Weirdness & Mutations

When hurt, damage is shared between your health and your magic reserves.
Your movements are slightly less encumbered by armour. (ER -2)


Message History

You kill the bat!
You start resting.
Magic restored.
You start resting.
You are feeling hungry.
You start resting.
HP restored.
You see here a dart slug corpse.
You butcher the dart slug corpse.
p - a chunk of flesh Unknown command.
Unknown command.
Welcome back, Sabo the Demonspawn Fighter.
Press ? for a list of commands and other information.
Sorry, you're not good enough to have a special ability.
You see here a robe.
There is an open door here.
There is a staircase leading out of the dungeon here.
Are you sure you want to leave the Dungeon?
This will make you lose the game!
You have escaped!

.......####.########.##########.#
######.#.................######.#
#.#.#######'#######.#.......
#.#.#.............#.#.######
#.#.#.###########.#.#.# #.#.#.#..
..#.#.#.# #.#.#.#.#######.#.#.#.#
#.#.#.#.#.....#.#.#.#.#
#...#...#..@..#...#...#
#.#.#.#.#.....#.#.#.###
#.#.#.#.###.###.#.#.#
#.#.#.#.........#.#.#
#.#.#.###########.#.#
#.#.#.............#.#
#.#.#######'#######.#
#.#.................#
#.#####.########.####


There were no monsters in sight!

Vanquished Creatures
  An ooze (D:1)
  A dart slug (D:1)
  A leopard gecko (D:1)
  3 giant cockroaches (D:1)
  A goblin (D:1)
  5 hobgoblins (D:1)
  5 jackals (D:1)
  A ball python (D:1)
  2 bats (D:1)
  A frilled lizard (D:1)
  6 kobolds (D:1)
  3 rats (D:1)
30 creatures vanquished.

Notes
Turn   | Place    | Note
-------+----------+-------------------------------------------
     0 | D:1      | Sabo the Demonspawn Fighter began the quest for the Orb.
     0 | D:1      | Reached XP level 1. HP: 18/18 MP: 1/1
   152 | D:1      | Gained mutation: When hurt, damage is shared between your
                  | health and your magic reserves. [demonic ancestry]
   152 | D:1      | Reached XP level 2. HP: 14/24 MP: 2/2
   461 | D:1      | Gained mutation: Your movements are slightly less
                  | encumbered by armour. (ER -2) [demonic ancestry]
   461 | D:1      | Reached XP level 3. HP: 28/29 MP: 1/3
  1046 | D:1      | Upgraded the game from 0.25.1-8-g42b30a86e7 to
                  | 0.25.1-11-g244df3a29b
  1146 | D:$      | Got out of the dungeon alive.

Illustrated notes

Levels and vault maps discovered:
D:1:      matt_arrival_refuge, layout_basic, minmay_tetromino_o2

Skill      XL: |  1  2  3 |
---------------+----------+-----
Axes           | 2 |  2.2
Shields        | 3 |  3.0
Fighting       | |  3.5
Armour         | |  2.9
Dodging        | |  0.2

Action                   || total
-------------------------++-------
Melee: War axe           ||    82
Armor: Scale mail        ||    36
Dodge: Dodged            ||    22
Block: Kite shield       ||    38
